 Dungeon Crawl Stone Soup version 0.32-a0-779-g362cfcae2a (webtiles) character file.

Game seed: 40871901285049616

60158 croobank the Covert (level 14, -6/110 HPs)
             Began as a Human Summoner on Mar 19, 2024.
             Was a High Priest of Kikubaaqudgha.
             Shot with a bolt by a yaktaur (14 damage)
             ... on level 13 of the Dungeon on Mar 20, 2024.
             The game lasted 01:57:25 (29303 turns).

croobank the Covert (Human Summoner)               Turns: 29303, Time: 01:57:26

Health: -6/110     AC: 11    Str:  6    XL:     14   Next: 98%
Magic:  8/36       EV: 15    Int: 30    God:    Kikubaaqudgha [*****.]
Gold:   1555       SH:  0    Dex: 15    Spells: 7/31 levels left

rFire   + . .        s - +1 dagger (drain)
rCold   + . .        (no shield)
rNeg    . . .        q - +1 leather armour {rPois}
rPois   +            f - +2 helmet
rElec   .            A - scarf "Jomiafiw" {rC+ rF+, Rampage Str-2 Int+4}
rCorr   .            E - +2 pair of gloves
SInv    .            (no boots)
Will    +....        V - amulet of magic regeneration
Stlth   ++++         H - ring of magical power
HPRegen 0.38/turn    g - +6 ring of intelligence
MPRegen 0.65/turn

%: rampage
@: unable to call your familiar
A: explore regen
a: Renounce Religion, Unearth Wretches, Torment


You were on level 13 of the Dungeon.
You worshipped Kikubaaqudgha.
Kikubaaqudgha was extremely pleased with you.
You visited 3 branches of the dungeon, and saw 19 of its levels.

You collected 1815 gold pieces.
You spent 260 gold pieces at shops.

Inventory:

Hand Weapons
 s - a +1 dagger of draining (weapon)
 B - a +1 morningstar of venom
 P - a +3 scimitar of flaming
 Q - a +2 dagger of venom
 S - a +3 short sword
Missiles
 y - 4 curare-tipped darts
 T - 3 silver javelins
Armour
 d - a +0 buckler
 f - a +2 helmet (worn)
 q - a +1 leather armour of poison resistance (worn)
 A - the scarf "Jomiafiw" (worn) {rC+ rF+, Rampage Str-2 Int+4}
   (You found it on level 6 of the Dungeon)

   Str-2:     It affects your strength (-2).
   Int+4:     It affects your intelligence (+4).
   Rampage:   It bestows one free step when moving towards enemies.
 E - a +2 pair of gloves (worn)
 N - +0 swamp dragon scales
Jewellery
 a - a ring of positive energy
 g - a +6 ring of intelligence (right hand)
 k - a ring of positive energy
 m - a ring of willpower
 p - a ring of resist corrosion
 z - a ring of see invisible
 F - a ring of fire
 H - a ring of magical power (left hand)
 V - an amulet of magic regeneration (around neck)
 W - a +6 ring of strength
Talismans
 l - the serpent talisman of a Gauntlet {rElec rF+ Str+7}
   (You found it on level 8 of the Dungeon)

   [serpent talisman]

   Str+7:     It affects your strength (+7).
   rF+:       It protects you from fire.
   rElec:     It insulates you from electricity.
Wands
 b - a wand of flame (75)
 i - a wand of mindburst (5)
 r - a wand of acid (2)
 C - a wand of roots (10) (quivered)
 R - a wand of digging (11)
Scrolls
 c - 7 scrolls of immolation
 u - 5 scrolls of revelation
 w - 4 scrolls of enchant weapon
 D - 2 scrolls of vulnerability
 I - a scroll of fear
 J - 2 scrolls of noise
 K - 4 scrolls of poison
 L - a scroll of teleportation
 M - a scroll of fog
 O - 3 scrolls of identify
 Y - 2 scrolls of blinking
Potions
 e - 4 potions of attraction
 h - 6 potions of heal wounds
 j - 8 potions of curing
 n - 5 potions of enlightenment
 o - 7 potions of mutation
 t - a potion of resistance
 v - a potion of magic
 x - 4 potions of might
 G - 2 potions of cancellation
 U - a potion of berserk rage
 X - a potion of ambrosia
 Z - a potion of brilliance


   Skills:
 - Level 10.0 Fighting
 - Level 5.0 Armour
 - Level 10.0 Dodging
 - Level 10.0 Stealth
 + Level 1.0 Shields
 + Level 9.4 Spellcasting
 - Level 5.0 Hexes
 - Level 10.0 Summonings
 * Level 9.7 Necromancy
 - Level 5.0 Translocations
 - Level 5.0 Fire Magic
 - Level 7.0 Air Magic


You had 7 spell levels left.
You knew the following spells:

 Your Spells              Type           Power      Damage    Failure   Level
a - Summon Small Mammal   Summ           100%       N/A       1%          1
b - Call Imp              Summ           100%       N/A       1%          2
c - Call Canine Familiar  Summ           65%        N/A       1%          3
d - Summon Blazeheart Go  Fire/Summ      56%        N/A       2%          4
e - Summon Lightning Spi  Summ/Air       60%        N/A       1%          4
A - Animate Dead          Necr           64%        N/A       1%          4
B - Blink                 Tloc           88%        N/A       1%          2
N - Anguish               Hex/Necr       27%        N/A       2%          4

Your spell library contained the following spells:

 Spells                   Type           Power      Damage    Failure   Level
 Kiss of Death            Conj/Necr      100%       2d13      1%          1
 Slow                     Hex            100%       N/A       1%          1
 Cigotuvi's Dreadful Rot  Necr/Alch/Air  94%        N/A       1%          2
 Lesser Beckoning         Tloc           88%        N/A       1%          2
 Sublimation of Blood     Necr           64%        N/A       1%          2
 Confusing Touch          Hex            44%        N/A       1%          3
 Gell's Gravitas          Tloc           44%        N/A       1%          3
 Inner Flame              Hex/Fire       44%        N/A       1%          3
 Teleport Other           Tloc           44%        N/A       1%          3
 Vampiric Draining        Necr           64%        2d10      1%          3
 Dispel Undead            Necr           64%        3d22      1%          4
 Martyr's Knell           Necr/Summ      65%        N/A       1%          4
 Curse of Agony           Necr           64%        N/A       2%          5
 Momentum Strike          Conj/Tloc      58%        3d9       3%          2
 Sandblast                Erth           28%        2d8       5%          1
 Manifold Assault         Tloc           44%        N/A       7%          4
 Stone Arrow              Conj/Erth      28%        3d8       16%         3
 Brom's Barrelling Bould  Conj/Erth      14%        2d4       47%         4
 Petrify                  Alch/Erth      14%        N/A       47%         4
 Dispersal                Tloc           22%        N/A       71%         6
 Irradiate                Conj/Alch      7%         3d14      83%         5


Dungeon Overview and Level Annotations

Branches:
Dungeon (13/15)            Temple (1/1) D:4            Lair (5/5) D:10
  Swamp (0/4) Lair:2        Snake (0/4) Lair:3        Slime (0/5) Lair:4
    Orc (0/2) D:12
 Vaults: D:13-14

Altars:
Ashenzari
Cheibriados
Dithmenos
Elyvilon
Fedhas
Gozag
Hepliaklqana
Kikubaaqudgha
Makhleb
Nemelex Xobeh
Okawaru
Qazlal
Ru
Sif Muna
Trog
Uskayaw
Vehumet
Wu Jian
Xom
Yredelemnul
Zin
The Shining One
Jiyva

Shops:
D:3 !   D:6 *

Annotations:
D:10 exclusion: downstairs
D:11 !4 skel warr


Innate Abilities, Weirdness & Mutations

You regain HP and MP as you explore.


Message History

The deep elf zephyrmancer resists with some effort.
The centaur is haunted by guilt!
The centaur wields a +0 orcbow.
The centaur shoots an arrow.
The arrow hits you!
The centaur is wracked by anguish!
Your meliai zombie closely misses the deep elf zephyrmancer.
Your meliai zombie completely misses the deep elf zephyrmancer.
The deep elf zephyrmancer gestures at you while chanting.
The bolt of lightning hits your meliai zombie!
The bolt of lightning misses you.
The yaktaur shoots a bolt.
The bolt hits your inugami!
The yaktaur is wracked by anguish!
The centaur shoots an arrow.
The arrow hits you.
The centaur is wracked by anguish.
Your cyclops zombie barely misses the deep elf zephyrmancer.
Your meliai zombie hits the deep elf zephyrmancer. x2
You hear a shout!
Casting: Anguish (mildly dangerous; 2% risk of failure)
Confirm with . or Enter, or press ? or * to list all spells.
Casting: Anguish (mildly dangerous; 2% risk of failure)
Press: ? - help, Dir - look around, f - activate The deep elf zephyrmancer is haunted by guilt!
Your meliai zombie hits the deep elf zephyrmancer.
Your meliai zombie closely misses the deep elf zephyrmancer.
A centaur warrior comes into view.
The centaur shoots an arrow.
The arrow barely misses you.
The deep elf zephyrmancer closely misses your meliai zombie.
The yaktaur shoots a bolt.
The bolt hits your inugami!
Your inugami dies!
Your inugami disappears in a puff of smoke!
The yaktaur is wracked by anguish!
Okay, then.
Okay, then.
As you read the scroll of fog, it dissolves into smoke.
The centaur warrior wields a +0 orcbow.
The centaur warrior shoots an arrow.
The arrow hits you!!
* * * LOW HITPOINT WARNING * * *
A yaktaur comes into view.
Something hits your lightning spire.
The yaktaur shoots a bolt.
The bolt hits you!
You die...
Kikubaaqudgha rasps: You have failed me!
Welcome... death!

# #..# #
##c#..#.##
........
#####.#..#.#####
....c..e).....
c...I.Z...
###.#.§#)###
#)..)§Z§c..#
#..##.#§@#.##..#
# #§§# # #§§# .#
#..# ...######
#..#
.......####..#
#...ZZZ..##
#....##### ...
####Z##
######...


You could see a centaur warrior, 2 yaktaurs, a centaur (anguished), a friendly
lightning spire (summoned) and a friendly meliai zombie.

Vanquished Creatures
  Erica (D:8)
  2 two-headed ogres
  A tengu warrior (D:12)
  4 skeletal warriors
  A lindwurm (Lair:5)
  An oklob plant (Lair:1)
  3 cyclopes
  12 elephants
  A manticore (D:12)
  2 black mambas
  14 cane toads
  2 gargoyles (D:12)
  Maggie (D:8)
  2 rime drakes
  4 komodo dragons
  Jeremiah (D:9)
  3 polar bears
  A tyrant leech (Lair:5)
  2 hornets
  A nameless horror (D:5)
  4 blink frogs
  A vampire (D:10)
  2 wyverns (Lair:3)
  A shadow (D:11)
  32 yaks
  2 basilisks
  A vampire mosquito (Lair:4)
  8 water moccasins
  2 cane toad zombies (Lair:5)
  An ice beast (D:8)
  A sky beast (D:6)
  An orc warrior (D:12)
  3 black bears
  A centaur (D:6)
  10 wolves
  3 kobold brigands
  4 bullfrogs
  4 wights
  5 killer bees (D:7)
  An orc priest (D:11)
  3 hounds
  2 iguanas
  3 orc wizards
  2 adders
  2 gnolls (D:6)
  4 white imps
  2 ufetubi (D:6)
  11 orcs
  A bat zombie (D:2)
  An endoplasm (D:4)
  5 goblins
  2 hobgoblins
  A jackal (D:4)
  14 kobolds
  A quokka (D:4)
  4 ball pythons
  3 bats (D:2)
  3 frilled lizards
  A quokka zombie (D:2)
  A rat (D:2)
212 creatures vanquished.

Vanquished Creatures (collateral kills)
  A hydra (Lair:5)
  A centaur warrior (D:13)
  A goliath frog (Lair:5)
  A deep elf pyromancer (D:13)
  A cyclops (D:13)
  2 manticores
  An oklob plant (Lair:1)
  5 elephants
  A torpor snail (Lair:4)
  3 black mambas
  13 cane toads
  A komodo dragon (Lair:5)
  3 rime drakes
  A tengu conjurer (D:12)
  A tyrant leech (Lair:5)
  A polar bear (Lair:5)
  A hornet (D:8)
  13 blink frogs
  7 dream sheep
  A wraith (D:12)
  2 wyverns
  A shadow (D:9)
  3 basilisks
  17 yaks
  3 vampire mosquitoes
  2 acid dragons
  5 orc warriors
  13 water moccasins
  A black bear (D:5)
  8 wolves
  2 centaurs
  A phantom (D:7)
  A gnoll sergeant (D:7)
  9 bullfrogs
  4 scorpions
  6 wights
  An electric eel (Lair:5)
  4 howler monkeys
  2 vampire bats (Lair:1)
  A bombardier beetle (D:6)
  2 jellies
  A hound (D:5)
  2 orc priests (D:5)
  Natasha (twice) (D:3)
  2 sleepcaps
  Ijyb (D:3)
  3 iguanas
  11 orc wizards
  A hound skeleton (D:2)
  Robin (D:4)
  A gnoll (D:6)
  9 adders
  3 nameless horrors
  A white imp (D:6)
  6 ufetubi
  An adder skeleton (D:2)
  3 dart slugs
  A ribbon worm (D:2)
  19 orcs
  4 endoplasms
  15 goblins
  5 hobgoblins
  2 jackals (D:3)
  13 kobolds
  2 quokkas
  3 ball pythons
  2 ball python skeletons (D:2)
  9 bats
  A frilled lizard (D:2)
  A giant cockroach zombie (D:2)
  5 rats
277 creatures vanquished.

Vanquished Creatures (others)
  A skyshark (Lair:5)
  2 deep elf pyromancers
  A cyclops (D:12)
  3 meliai (D:13)
  3 elephants (Lair:5)
  A black mamba (Lair:4)
  4 cane toads
  A komodo dragon (Lair:5)
  A troll (D:12)
  2 blink frogs
  2 meliai zombies (D:13)
  A black mamba zombie (Lair:4)
  A vampire mosquito (Lair:5)
  A cane toad zombie (Lair:5)
  A blink frog zombie (Lair:5)
  2 centaurs (D:13)
  A bullfrog (Lair:5)
  A wyvern zombie (Lair:5)
  A cyclops zombie (D:13)
  A water moccasin zombie (Lair:5)
  2 yak zombies (Lair:5)
  A bullfrog zombie (Lair:5)
  90 blazeheart cores
124 creatures vanquished.

Grand Total: 613 creatures vanquished

Notes
Turn   | Place    | Note
-------+----------+-------------------------------------------
     0 | D:1      | croobank the Human Summoner began the quest for the Orb.
     0 | D:1      | Reached XP level 1. HP: 13/13 MP: 3/3
   297 | D:1      | Found a faded altar of an unknown god.
   367 | D:1      | Reached XP level 2. HP: 6/19 MP: 5/5
   421 | D:1      | Learned a level 2 spell: Call Imp
  1220 | D:2      | Reached XP level 3. HP: 12/24 MP: 1/6
  1274 | D:2      | Learned a level 3 spell: Call Canine Familiar
  1497 | D:2      | Reached XP level 4. HP: 30/30 MP: 4/7
  2475 | D:3      | Reached XP level 5. HP: 36/36 MP: 4/9
  2562 | D:3      | Noticed Natasha
  2570 | D:3      | Killed Natasha
  2571 | D:3      | Reached skill level 1 in Fighting
  2915 | D:3      | Found a white marble altar of Elyvilon.
  3715 | D:4      | Reached XP level 6. HP: 43/43 MP: 7/10
  3819 | D:4      | Noticed Robin
  3907 | D:4      | Killed Robin
  3998 | D:3      | Noticed Natasha
  4014 | D:3      | Killed Natasha
  4015 | D:3      | Reached skill level 5 in Summonings
  4145 | D:3      | Noticed Ijyb
  4197 | D:3      | Killed Ijyb
  4301 | D:3      | Found Wolailim's Distillery.
  4310 | D:3      | Bought a potion of degeneration for 10 gold pieces
  4310 | D:3      | Bought a potion of heal wounds for 50 gold pieces
  4311 | D:3      | Bought a potion of heal wounds for 50 gold pieces
  4311 | D:3      | Bought a potion of enlightenment for 50 gold pieces
  4311 | D:3      | Bought a potion of resistance for 100 gold pieces
  4618 | D:4      | Found a staircase to the Ecumenical Temple.
  4631 | Temple   | Entered the Ecumenical Temple
  4751 | D:4      | Learned a level 4 spell: Summon Blazeheart Golem
  4891 | D:5      | Entered Level 5 of the Dungeon
  4921 | D:5      | Noticed a water moccasin
  4938 | D:5      | Killed a water moccasin
  4939 | D:5      | Reached skill level 1 in Fire Magic
  4939 | D:5      | Reached XP level 7. HP: 45/50 MP: 5/12
  5065 | D:5      | Reached skill level 1 in Armour
  5458 | D:5      | Found a glowing golden altar of the Shining One.
  5490 | D:5      | Found a sparkling altar of Nemelex Xobeh.
  5688 | D:5      | Noticed a nameless horror
  6393 | D:5      | Killed a nameless horror
  6754 | D:6      | Reached XP level 8. HP: 55/57 MP: 9/13
  6788 | D:6      | Found an ancient bone altar of Kikubaaqudgha.
  6803 | D:6      | Became a worshipper of Kikubaaqudgha
  7474 | D:6      | Found Liemneula's Lightly-Used Armoury.
  7541 | D:6      | Identified the scarf "Jomiafiw" {rC+ rF+, Rampage Str-2
                  | Int+4}
  7630 | D:6      | Learned a level 2 spell: Blink
  8019 | D:7      | Noticed a manticore
  8575 | D:7      | Found a stormy altar of Qazlal.
  9105 | D:7      | Reached skill level 1 in Translocations
  9124 | D:7      | Reached skill level 5 in Stealth
  9202 | D:7      | Found a sacrificial altar of Ru.
  9295 | D:7      | Found a shimmering altar of Xom.
  9340 | D:7      | Reached XP level 9. HP: 64/64 MP: 4/15
  9374 | D:7      | Reached * piety under Kikubaaqudgha
  9374 | D:7      | Received a gift from Kikubaaqudgha
  9383 | D:7      | Killed a manticore
  9384 | D:7      | Reached skill level 5 in Dodging
  9659 | D:7      | Learned a level 4 spell: Summon Lightning Spire
  9807 | D:7      | Found a glowing silver altar of Zin.
  9807 | D:7      | Found a burning altar of Makhleb.
  9808 | D:7      | Noticed an Executioner
  9808 | D:7      | Noticed an angel
  9882 | D:7      | Reached skill level 5 in Fire Magic
  9890 | D:7      | Reached skill level 1 in Air Magic
 10218 | D:8      | Noticed a hornet
 10225 | D:8      | Killed a hornet
 10443 | D:8      | Noticed Maggie
 10455 | D:8      | Killed Maggie
 10456 | D:8      | Reached skill level 5 in Spellcasting
 10774 | D:8      | Noticed Erica
 10783 | D:8      | Killed Erica
 10784 | D:8      | Reached XP level 10. HP: 73/73 MP: 9/17
 11307 | D:8      | Identified the serpent talisman of a Gauntlet {rElec rF+
                  | Str+7}
 11346 | D:8      | Reached skill level 5 in Fighting
 12176 | D:9      | Noticed Jeremiah
 12193 | D:9      | Killed Jeremiah
 13504 | D:10     | Entered Level 10 of the Dungeon
 13691 | D:10     | Found a radiant altar of Vehumet.
 14062 | D:10     | Reached ** piety under Kikubaaqudgha
 14132 | D:10     | Found a staircase to the Lair.
 14138 | D:10     | Reached skill level 5 in Armour
 14138 | D:10     | Reached XP level 11. HP: 80/80 MP: 13/19
 14403 | D:10     | Noticed a two-headed ogre
 14414 | D:10     | Killed a two-headed ogre
 14415 | D:10     | Reached skill level 5 in Air Magic
 14530 | D:11     | Noticed a skeletal warrior
 14530 | D:11     | Noticed a skeletal warrior
 14530 | D:11     | Noticed a skeletal warrior
 14530 | D:11     | Noticed a skeletal warrior
 14550 | Lair:1   | Entered Level 1 of the Lair of Beasts
 14579 | Lair:1   | Learned a level 4 spell: Animate Dead
 15214 | Lair:1   | Found a blossoming altar of Fedhas.
 15218 | Lair:1   | Noticed an oklob plant
 15218 | Lair:1   | Noticed an oklob plant
 15967 | Lair:1   | Killed an oklob plant
 15971 | Lair:1   | Killed an oklob plant
 16066 | Lair:1   | Reached skill level 5 in Translocations
 17620 | Lair:2   | Reached XP level 12. HP: 89/89 MP: 13/21
 17920 | Lair:2   | Reached *** piety under Kikubaaqudgha
 17920 | Lair:2   | Received a gift from Kikubaaqudgha
 18175 | Lair:2   | Learned a level 4 spell: Anguish
 18273 | Lair:2   | Reached skill level 1 in Necromancy
 18288 | Lair:2   | Reached skill level 1 in Hexes
 18383 | Lair:2   | Found a shimmering altar of Xom.
 18387 | Lair:2   | Identified the +7 plate armour "Emadd" {Harm rC+++ rCorr
                  | Dex-3}
 18737 | Lair:2   | You fall into a shaft and drop 1 floor!
 18795 | Lair:3   | Found a staircase to the Snake Pit.
 19453 | Lair:3   | Reached XP level 13. HP: 90/98 MP: 24/24
 19667 | Lair:3   | Reached **** piety under Kikubaaqudgha
 20026 | Lair:2   | Found a staircase to the Swamp.
 20092 | Lair:2   | Identified the +1 scale mail of the Northern Lights {rElec
                  | rF- MP+9 Str+4}
 20681 | Lair:3   | Reached skill level 5 in Necromancy
 21290 | Lair:4   | Found a staircase to the Slime Pits.
 21292 | Lair:4   | Found a viscous altar of Jiyva.
 21953 | Lair:4   | Got the Exposition on Accelerants and Displacement
 22424 | Lair:5   | Entered Level 5 of the Lair of Beasts
 22508 | Lair:5   | Reached XP level 14. HP: 96/106 MP: 3/26
 22509 | Lair:5   | Reached ***** piety under Kikubaaqudgha
 23065 | Lair:4   | Reached skill level 10 in Stealth
 23578 | Lair:5   | Reached skill level 5 in Hexes
 24761 | Lair:5   | Reached skill level 10 in Summonings
 26515 | D:11     | Identified a scroll of acquirement
 26516 | D:11     | Acquired a +6 ring of intelligence
 27266 | D:11     | Found a burning altar of Makhleb.
 27485 | D:12     | Found a staircase to the Orcish Mines.
 27761 | D:12     | Reached skill level 10 in Dodging
 28404 | D:12     | Found a white marble altar of Elyvilon.
 29299 | D:13     | Reached skill level 10 in Fighting
 29301 | D:13     | Reached skill level 1 in Shields
 29303 | D:13     | Shot with a bolt by a yaktaur

Illustrated notes

Levels and vault maps discovered:
D:1:      amcnicky_arrival_underground_garden, layout_basic,
          hellmonk_ecumenical_altar_blasted
D:2:      layout_basic, serial_undead, serial_undead_c, serial_undead_d,
          serial_undead_e, serial_undead_d
D:3:      layout_basic, amcnicky_altar_gilded, serial_shops, shop,
          kennysheep_small_spiral, dk_vineyard_3, uniq_natasha, uniq_ijyb
D:4:      layout_rooms, temple_hall, minmay_crossroads, uniq_robin
D:5:      layout_basic, mainiacjoe_overflow_two_lobes, serial_co_window_serial,
          co_window_corner_a, co_window_of_opportunity_a, co_window_corner_a,
          co_window_paths_b, co_window_paths_a, co_window_paths_b,
          co_window_corner_a, co_window_unsneaky_path_b, co_window_corner_b,
          co_window_unsneaky_path_e, co_window_broadway_a, co_window_2corner,
          co_window_paths_d, glass_columns_c, glass_columns_a, glass_columns_a,
          glass_columns_a, glass_columns_a
D:6:      layout_basic, mainiacjoe_overflow_surrounded_room, minmay_shop_damaged
D:7:      layout_cave_pools, grunt_temple_overflow_order_and_chaos_2,
          grunt_qazlal_clouds, nicolae_ru_path_of_blood,
          mainiacjoe_overflow_small_starburst
D:8:      layout_gridville, st_stairs_9, uniq_maggie, uniq_erica
D:9:      layout_irregular_city, nicolae_sextant, uniq_jeremiah
D:10:     layout_roguey, vehumet_altar_wand_db, due_lair_maze_entry_diamond
D:11:     layout_roguey, bloody_makhleb
D:12:     layout_basic, orc_david_3, serial_curves, eino_curves_02,
          eino_curves_03, nicolae_elyvilon_temple_path
D:13:     layout_basic, hangedman_vaults_entry_quadrant_bands
Temple:   chequers_temple_sunken
Lair:1:   layout_chaotic_city, roderic_batcave, hangedman_tree_tricks
Lair:2:   layout_cave_pods, swamp_mist, basic_altar
Lair:3:   layout_concentric_octagons, minmay_snake_entry_six_corridors,
          minmay_hedge_maze, nicolae_lair_grazing_beasts
          [nicolae_sub_lair_graze_edge, nicolae_sub_lair_graze_edge,
          nicolae_sub_lair_graze_edge, nicolae_sub_lair_graze_edge],
          serial_bayou_shore_b
Lair:4:   layout_concentric_octagons, slime_entry_1,
          eino_small_chamber_without_monster, st_stairs_6, minivault_24,
          minivault_25
Lair:5:   minmay_lair_end_frog_pond, layout_regular_city

Skill      XL: |  1  2  3  4  5  6  7  8  9 10 11 12 13 14 |
---------------+-------------------------------------------+-----
Stealth        | 3 4 5 6 7 8 9 10 | 10.0
Fighting       | 1 2 3 4 5 6 7 8 10 | 10.0
Dodging        | 3 4 5 6 7 8 9 10 | 10.0
Spellcasting   | 3 4 5 6 7 8 9 |  9.4
Summonings     | 5 6 7 8 9 10 | 10.0
Fire Magic     | 1 2 4 5 |  5.0
Armour         | 1 2 4 5 |  5.0
Translocations | 1 3 4 5 |  5.0
Air Magic      | 3 4 6 7 |  7.0
Necromancy     | 4 6 9 |  9.7
Hexes          | 2 4 5 |  5.0
Shields        | 1 |  1.0

Action                     |  1- 3 |  4- 6 |  7- 9 | 10-12 | 13-15 || total
---------------------------+-------+-------+-------+-------+-------++-------
  Melee: Unarmed           |     9 |       |       |       |       ||     9
         Dagger            |    13 |   132 |   165 |   211 |    99 ||   620
         Trident           |       |       |    28 |     1 |       ||    29
   Cast: Summon Small Mamm |    28 |    30 |    39 |    14 |    11 ||   122
         Call Imp          |    10 |    20 |    31 |    17 |    10 ||    88
         Call Canine Famil |     3 |    20 |    27 |    19 |    14 ||    83
         Summon Blazeheart |       |       |     8 |    51 |    71 ||   130
         Summon Lightning  |       |       |       |    25 |    30 ||    55
         Blink             |       |       |       |     1 |       ||     1
         Anguish           |       |       |       |       |    63 ||    63
         Animate Dead      |       |       |       |       |    13 ||    13
  Evoke: Wand              |       |     1 |    11 |     6 |     2 ||    20
    Use: Potion            |     1 |       |     1 |     1 |     2 ||     5
         Scroll            |       |     7 |    10 |     4 |     6 ||    27
   Stab: Sleeping          |     2 |    12 |     2 |     2 |     6 ||    24
         Distracted        |     1 |     2 |     3 |     2 |       ||     8
 Armour: Robe              |    25 |    96 |       |       |       ||   121
         Leather armour    |       |    26 |   239 |   267 |   257 ||   789
  Dodge: Dodged            |    38 |   112 |   223 |   249 |   240 ||   862

Table legend: (Time is in decaauts)
 A = Elapsed time spent in this place.
 B = Non-inter-level travel time spent in this place.
 C = Inter-level travel time spent in this place.
 D = Time resting spent in this place.
 E = Time spent auto-exploring this place.
 F = Levels seen in this place.
 G = Mean time per level.
                   A        B        C        D        E       F      G
               +--------+--------+--------+--------+--------+-----+--------+
         Total |  29356 |  28384 |    972 |  11057 |  11521 |  19 | 1545.1 |
       Dungeon |  18279 |  17631 |    648 |   5849 |   8437 |  13 | 1406.1 |
        Temple |     54 |     29 |     25 |      0 |      0 |   1 |   54.0 |
          Lair |  11021 |  10722 |    299 |   5208 |   3084 |   5 | 2204.2 |
               +--------+--------+--------+--------+--------+-----+--------+

Top non-repeatable levels by time:
  Lair:4: 3087 daAuts
  Lair:1: 2938 daAuts
     D:6: 2271 daAuts
  Lair:3: 1973 daAuts
  Lair:2: 1843 daAuts
     D:5: 1799 daAuts
     D:8: 1764 daAuts
    D:12: 1646 daAuts
     D:3: 1589 daAuts
     D:9: 1563 daAuts
    D:11: 1553 daAuts
    D:10: 1390 daAuts
     D:2: 1265 daAuts
     D:7: 1231 daAuts
     D:1: 1195 daAuts
